 Dungeon Crawl Stone Soup version 0.24-a0-464-g6b2be6b8c7 (webtiles) character file.

Game seed: 5629918781969170439

2756 Ijustatesigmund the Basher (level 9, 0/98 HPs)
             Began as an Ogre Fighter on July 3, 2019.
             Succumbed to a killer bee's poison
             ... on level 6 of the Dungeon.
             The game lasted 00:21:35 (9912 turns).

Ijustatesigmund the Basher (Ogre Fighter)           Turns: 9912, Time: 00:21:36

Health: 0/98       AC:  5    Str: 22    XL:     9   Next: 69%
Magic:  9/9        EV: 11    Int:  9    God:
Gold:   99         SH:  0    Dex: 11    Spells: 8/8 levels left

rFire    + + +     SeeInvis +   v - +2 great mace (protect)
rCold    . . .     Gourm    .   (shield currently unavailable)
rNeg     . . .     Faith    .   b - +1 robe {rF+}
rPois    .         Spirit   .   (helmet restricted)
rElec    .         Reflect  .   l - +0 cloak
rCorr    .         Harm     .   (gloves unavailable)
MR       +....                  (boots unavailable)
Stlth    ++........             (no amulet)
HPRegen  0.26/turn              u - ring of the Genius {rF+ MR+ SInv}
MPRegen  0.11/turn              q - ring of protection from fire

@: lethally poisoned (0 -> -30)
A: large, unfitting armour, tough skin 1
a: no special abilities


You were on level 6 of the Dungeon.
You were hungry.

You visited 2 branches of the dungeon, and saw 8 of its levels.

You collected 415 gold pieces.
You spent 316 gold pieces at shops.

Inventory:

Hand Weapons
 a - a +0 giant spiked club
 v - a +2 great mace of protection (weapon)
Armour
 b - a +1 robe of fire resistance (worn)
 c - a +0 shield
 e - a scarf of resistance
 l - a +0 cloak (worn)
Jewellery
 m - an uncursed amulet of faith
 q - a ring of protection from fire (right hand)
 u - the ring of the Genius (left hand) {rF+ MR+ SInv}
   (You took it off a gnoll on level 4 of the Dungeon)

   [ring of protection from fire]

   It protects you from fire.
   It affects your resistance to hostile enchantments.
   It lets you see invisible.
 w - an uncursed ring of stealth {unknown}
 x - a +4 ring of dexterity {unknown}
Wands
 j - a wand of flame (13)
 p - a wand of polymorph (6)
 t - a wand of acid (1)
Scrolls
 g - 5 scrolls of remove curse
 h - 2 scrolls of amnesia
 i - 2 scrolls of fog
 k - 2 scrolls of fear
 n - 2 scrolls of blinking
 s - a scroll of teleportation
 y - a scroll of identify
Potions
 d - 2 potions of agility
 r - 2 potions of flight
Comestibles
 f - 9 rations


   Skills:
 + Level 9.1 Fighting
 + Level 9.6 Maces & Flails
 + Level 4.2 Dodging
 - Level 2.1 Stealth
 - Level 2.6 Shields


You had 8 spell levels left.
You didn't know any spells.
Your spell library contained the following spells:

 Spells                   Type           Power        Failure   Level  Hunger
 Beastly Appendage        Tmut           #.....       38%         1    ##.....
 Corona                   Hex            #......      38%         1    ##.....
 Magic Dart               Conj           #...         38%         1    ##.....
 Ensorcelled Hibernation  Hex/Ice        #.....       52%         2    ###....
 Searing Ray              Conj           #.....       52%         2    ###....
 Sticks to Snakes         Tmut           #.......     52%         2    ###....
 Confuse                  Hex            #.......     77%         3    ####...
 Dazzling Spray           Conj/Hex       #.....       77%         3    ####...
 Spider Form              Tmut/Pois      #.........   77%         3    ####...
 Tukima's Dance           Hex            #.......     77%         3    ####...
 Force Lance              Conj/Tloc      #.......     99%         4    #####..
 Fulminant Prism          Conj/Hex       #.........   99%         4    #####..
 Ice Form                 Ice/Tmut       #.......     99%         4    #####..
 Iskenderun's Mystic Bla  Conj           #.......     99%         4    #####..
 Blade Hands              Tmut           #.........   100%        5    ######.


Dungeon Overview and Level Annotations

Branches:
Dungeon (7/15)             Temple (1/1) D:5

Altars:
Ashenzari
Cheibriados
Dithmenos
Elyvilon
Fedhas
Gozag
Hepliaklqana
Kikubaaqudgha
Makhleb
Nemelex Xobeh
Okawaru
Qazlal
Ru
Sif Muna
Trog
Uskayaw
Vehumet
Wu Jian
Xom
Yredelemnul
Zin
The Shining One

Shops:
D:4 (   D:6 ?*(=%


Innate Abilities, Weirdness & Mutations

You are too large for most types of armour.
You have tough skin. (AC +1)


Message History

* * * LOW HITPOINT WARNING * * *
You are more poisoned.
The killer bee poisons you! The killer bee barely misses you.
The killer bee stings you.
* * * LOW HITPOINT WARNING * * *
You are more poisoned.
The killer bee poisons you!
Evoke which item? (* to show all) (? for menu, Esc to quit)
Aiming: Corrosive Bolt
Press: ? - help, Shift-Dir - straight line, f - killer bee
Aim: a killer bee (severely wounded)
The bolt of acid hits the killer bee!
The killer bee is splashed with acid.
You kill the killer bee!
The bolt of acid hits the killer bee!
The killer bee is splashed with acid.
You kill the killer bee!
Your life force feels restored.
* * * LOW HITPOINT WARNING * * *
You feel very sick.
Okay, then.
You die...

#.# #.######### #.# # ##........#
#.# ###8##########.# #####.#
#⌠_.'........#.# #.....#
#⌠_.'...####.#.# #.#####
#######.####.#.# #.#
#######......#.#
#########.########....##.######.#
..............†)@#.#).##........#
...#####.#########.#..###########
..)# #...........#..### ...#
#..##########....## ...# #..#
#..#..# ...# #..# #.###'#####
...#####..# #...#))#..####
......##..# #.#.#..#......
...##.##..# #.#.####....##


There were no monsters in sight!

Vanquished Creatures
  Pikel (D:7)
  Eustachio (D:5)
  An orc warrior (D:4)
  2 slaves (D:7)
  An ice beast (D:7)
  6 ogres
  3 centaurs
  2 phantoms
  A bullfrog (D:6)
  A gnoll sergeant (D:5)
  2 scorpions (D:4)
  2 killer bees (D:6)
  An electric eel (D:6)
  A bullfrog skeleton (D:6)
  2 hounds
  2 orc wizards (D:6)
  Crazy Yiuf (D:4)
  2 orc priests
  A jelly (D:7)
  A gnoll shaman (D:5)
  Ijyb (D:4)
  3 worker ants
  An iguana (D:6)
  17 gnolls
  6 adders
  2 oozes
  An adder skeleton (D:4)
  2 adder zombies (D:6)
  2 worms
  A dart slug (D:2)
  3 leopard geckos
  9 orcs
  8 giant cockroaches
  19 goblins
  10 hobgoblins
  11 jackals
  A quokka (D:6)
  A ball python (D:6)
  8 bats
  10 frilled lizards
  A jackal skeleton (D:4)
  A kobold (D:3)
  A leopard gecko skeleton (D:6)
  9 rats
162 creatures vanquished.

Vanquished Creatures (others)
  A slave (D:7)
  A necrophage (D:7)
  An orc priest (D:7)
  A jelly (D:7)
  An orc wizard (D:7)
  2 orcs
7 creatures vanquished.

Grand Total: 169 creatures vanquished

Notes
Turn   | Place    | Note
-------+----------+-------------------------------------------
     0 | D:1      | Ijustatesigmund the Ogre Fighter began the quest for the
                  | Orb.
     0 | D:1      | Reached XP level 1. HP: 24/24 MP: 1/1
   244 | D:1      | Reached XP level 2. HP: 28/32 MP: 2/2
   544 | D:2      | Reached XP level 3. HP: 39/39 MP: 3/3
  1370 | D:2      | Found a sacrificial altar of Ru.
  1373 | D:2      | Found a radiant altar of Vehumet.
  1376 | D:2      | Found a glowing golden altar of the Shining One.
  1450 | D:2      | Reached XP level 4. HP: 36/48 MP: 4/4
  2917 | D:4      | Reached XP level 5. HP: 54/54 MP: 5/5
  2968 | D:4      | Noticed an ogre
  2971 | D:4      | Killed an ogre
  2971 | D:4      | Reached skill level 5 in Maces & Flails
  2971 | D:4      | Reached XP level 6. HP: 62/63 MP: 6/6
  3012 | D:4      | Reached skill level 5 in Fighting
  3417 | D:4      | Reached XP level 7. HP: 72/72 MP: 7/7
  3645 | D:4      | Reached skill level 1 in Stealth
  3923 | D:4      | Found Qasupi's Weapon Boutique.
  4099 | D:4      | Found a runed translucent door.
  4100 | D:4      | Noticed Crazy Yiuf
  4369 | D:4      | Noticed Ijyb
  4392 | D:4      | Killed Ijyb
  4647 | D:4      | Killed Crazy Yiuf
  4716 | D:5      | Entered Level 5 of the Dungeon
  4800 | D:5      | Found a shimmering altar of Xom.
  5480 | D:5      | Found a staircase to the Ecumenical Temple.
  5488 | D:5      | Noticed Eustachio
  5498 | D:5      | Killed Eustachio
  5498 | D:5      | Reached XP level 8. HP: 48/83 MP: 8/8
  5503 | Temple   | Entered the Ecumenical Temple
  6398 | D:5      | Identified the ring of the Genius {rF+ MR+ SInv}
  7224 | D:4      | Bought a +2 great mace of protection for 277 gold pieces
  8410 | D:6      | Reached XP level 9. HP: 91/93 MP: 9/9
  8552 | D:6      | Found Fytseibeyn's Jewellery Shop.
  8567 | D:6      | Found Zoema's Antique Weapon Shoppe.
  8714 | D:6      | Found a snail-covered altar of Cheibriados.
  8714 | D:6      | Found a bloodstained altar of Trog.
  8932 | D:6      | Found Osamul's Food Shop.
  9039 | D:6      | Found Punapp's General Store.
  9088 | D:6      | Found Mep Bue's Magic Scroll Shoppe.
  9098 | D:6      | Bought a scroll of teleportation for 39 gold pieces
  9259 | D:7      | Noticed Pikel
  9342 | D:7      | Killed Pikel
  9911 | D:6      | HP: 3/98 [poisoned by a killer bee]
  9912 | D:6      | Succumbed to a killer bee's poison

Levels and vault maps discovered:
D:1:      roderic_dead_forest, layout_basic, minmay_misc_feat_secret_circle,
          lemuel_another_geyser
D:2:      layout_basic, grunt_temple_overflow_diamond, first_ration,
          minmay_goblin_outpost
D:3:      layout_loops_ring
D:4:      kennysheep_goblin_castle, layout_basic, serial_shops, shop,
          minmay_distorted, uniq_crazy_yiuf_cottage
D:5:      layout_basic, lemuel_round_altar, minmay_temple_entry_offerings,
          uniq_eustachio
D:6:      layout_basic, gammafunk_temple_overflow_wave, serial_shops,
          shop_statue, nicolae_shop_window_shopping, nicolae_shop_behind_doors,
          shop_scrolls, corexii_checkpoint_b, minivault_4,
          kennysheep_windowed_goal
D:7:      layout_cave_pools, uniq_prince_ribbit1, uniq_pikel
Temple:   eino_temple_scatter_basement

Skill      XL: |  1  2  3  4  5  6  7  8  9 |
---------------+----------------------------+-----
Maces & Flails | 2 3 4 5 6 7 8 9 |  9.6
Fighting       | 5 6 7 9 |  9.1
Stealth        | 1 2 |  2.1
Dodging        | 4 |  4.2
Shields        | |  2.6

Action                   |  1- 3 |  4- 6 |  7- 9 || total
-------------------------+-------+-------+-------++-------
Melee: Flail             |   138 |   107 |       ||   245
       Giant spiked club |       |    23 |   178 ||   201
       Great mace        |       |       |   170 ||   170
Evoke: Wand              |       |       |     4 ||     4
  Use: Scroll            |       |     9 |     6 ||    15
       Potion            |       |     1 |     5 ||     6
 Stab: Sleeping          |       |       |     2 ||     2
       Invisible         |       |       |     1 ||     1
  Eat: Chunk             |     2 |     3 |    17 ||    22
       Ration            |       |     1 |     1 ||     2
Armor: Robe              |    45 |    19 |   116 ||   180
       Skin              |       |       |    27 ||    27
Dodge: Dodged            |    53 |    78 |   270 ||   401
Block: Shield            |    72 |    60 |       ||   132

Table legend:
 A = Non-vault XP
 B = Vault XP
 C = Vault XP percentage of total XP
 D = Non-vault monster count
 E = Vault monster count
 F = Vault count percentage of total count
                 A         B        C        D         E       F
            +---------+---------+-------+---------+---------+-------
      Total |    2985 |     953 |  24.2 |     133 |      27 |  16.9
            +---------+---------+-------+---------+---------+-------
        D:1 |      33 |       0 |   0.0 |      18 |       0 |   0.0
        D:2 |      58 |      11 |  15.9 |      24 |       6 |  20.0
        D:3 |      53 |       0 |   0.0 |      16 |       0 |   0.0
        D:4 |     943 |     103 |   9.8 |      25 |      14 |  35.9
        D:5 |     496 |     181 |  26.7 |      14 |       1 |   6.7
        D:6 |    1080 |      65 |   5.7 |      30 |       5 |  14.3
        D:7 |     322 |     593 |  64.8 |       6 |       1 |  14.3
            +---------+---------+-------+---------+---------+-------
